 Dungeon Crawl Stone Soup version 0.16-a0-3708-g05dc7d7 (webtiles) character file.

684 vatarom the Caller (level 7, -2/49 HPs)
             Began as a Mummy Summoner on Jan 19, 2015.
             Slain by an orc warrior
             ... wielding a +0 short sword
              (6 damage)
             ... on level 6 of the Dungeon.
             The game lasted 00:22:36 (6218 turns).

vatarom the Caller (Mummy Summoner)                 Turns: 6218, Time: 00:22:36

Health: -2/49      AC:  3    Str: 11    XL:     7   Next: 35%
Magic:  6/17       EV: 12    Int: 16    God:
Gold:   70         SH:  0    Dex: 12    Spells: 4 memorised, 4 levels left

rFire  x . .     SeeInvis .     o - +2 glaive (chop)
rCold  + . .     Clarity  .     a - +0 robe
rNeg   + + +     SustAb   .     (no shield)
rPois  ∞         Gourm    .     (no helmet)
rElec  .         Spirit   .     k - +0 cloak
rCorr  .         Warding  .     (no gloves)
rMut   .         Stasis   .     (no boots)
MR     .....                    (no amulet)
Stlth  ++........               (no ring)
                                d - +3 ring of slaying (curse)

@: very slightly contaminated, not resistant to hostile enchantments, unstealthy
A: no food or potions, fire vulnerability, restore body, cold resistance 1,
negative energy resistance 3, poison resistance, torment resistance, unbreathing
a: no special abilities


You were on level 6 of the Dungeon.
You were not hungry.

You visited 2 branches of the dungeon, and saw 7 of its levels.
You also visited: Ossuary.

You collected 330 gold pieces.
You spent 260 gold pieces at shops.

Inventory:

Hand weapons
 e - a cursed +0 short sword
 g - a +1 mace of flaming
 m - a +3 spear
 o - a +2 glaive of chopping (weapon)
Armour
 a - a +0 robe (worn)
 k - a +0 cloak (worn)
Jewellery
 d - a cursed +3 ring of slaying (left hand)
Magical devices
 h - a wand of slowing (14)
 l - a wand of paralysis (15)
 n - a wand of flame (29)
Scrolls
 c - 4 scrolls of identify
 f - 6 scrolls of remove curse
 i - a scroll of teleportation
 j - 2 scrolls of recharging
 p - a scroll of enchant armour {unknown}
Books
 b - a book of Callings

   Spells                             Type                      Level
   a - Summon Small Mammal            Summoning                    1
   b - Call Imp                       Summoning                    2
   c - Call Canine Familiar           Summoning                    3
   d - Summon Guardian Golem          Hexes/Summoning              4
   e - Summon Lightning Spire         Summoning/Air                4
   f - Summon Ice Beast               Ice/Summoning                4


   Skills:
 + Level 1.8 Fighting
 - Level 1.5 Dodging
 - Level 1.5 Stealth
 - Level 4.0 Spellcasting
 - Level 5.0 Summonings
 - Level 3.9 Ice Magic


You had 4 spell levels left.
You knew the following spells:

 Your Spells              Type           Power        Failure   Level  Hunger
a - Summon Small Mammal   Summ           ###.         1%          1    N/A
b - Call Imp              Summ           ###.....     3%          2    N/A
c - Call Canine Familiar  Summ           ###.....     8%          3    N/A
d - Summon Ice Beast      Ice/Summ       ###.....     34%         4    N/A

Dungeon Overview and Level Annotations

Branches:
Dungeon (6/15)             Temple (1/1) D:5

Altars:
Ashenzari
Cheibriados
Dithmenos
Elyvilon
Fedhas
Nemelex Xobeh
Okawaru
Qazlal
Ru
Trog
Xom
Yredelemnul
Zin

Shops:
D:5 *

Annotations:
D:6 Eustachio


Innate Abilities, Weirdness & Mutations

You do not eat or drink.
Your flesh is vulnerable to fire.
Your flesh is cold resistant.
You are immune to negative energy.
Your system is resistant to poisons.
You are immune to unholy pain and torment.
You can survive without breathing.


Message History

The orc warrior closely misses you. The white imp barely misses you.
You barely miss the orc warrior.
The orc warrior is almost dead.
The orc warrior hits you with a short sword!
* * * LOW HITPOINT WARNING * * *
The white imp hits you.
* * * LOW HITPOINT WARNING * * *
The white imp freezes you. You resist.
* * * LOW HITPOINT WARNING * * *
The orc warrior hits you with a short sword.
* * * LOW HITPOINT WARNING * * *
You are too injured to fight recklessly!
You barely miss the orc warrior.
The orc warrior is almost dead.
The white imp disappears in a puff of smoke!
The orc warrior hits you but does no damage.
You closely miss the orc warrior.
The orc warrior is almost dead.
The orc warrior hits you with a short sword.
You die...

. #......+
.##+########..##.#
.##.#.....##..##.##
..........'...#...+
......###'##..+...#
......##..###+##..#
.##...##..# ##..#
.##...##..+ +...#
..'...+...# ##@.#
.##..###..# #.o#
.##+## #+## .$.# .+
.. ##..# +# ..#
#..# .##..## '.##
....... #.#
........ #..
.##.... ...


You could see an orc warrior.

Vanquished Creatures
  Menkaure (Ossuary)
  A crimson imp (D:6)
  A hound (D:4)
  An orc priest (D:4)
  A hound zombie (D:6)
  A mummy (Ossuary)
  7 adders
  2 giant mites
  2 giant geckos
  2 oozes (D:3)
  9 orcs
  6 bats
  A bat skeleton (D:5)
  A giant cockroach (D:6)
  8 goblins
  8 hobgoblins
  5 jackals (D:5)
  4 kobolds
  2 quokkas
  A ball python (D:3)
  2 giant newts (D:2)
  A goblin skeleton (Ossuary)
  A goblin zombie (Ossuary)
  3 hobgoblin skeletons (Ossuary)
  2 hobgoblin zombies (Ossuary)
  A kobold skeleton (Ossuary)
  2 kobold zombies (Ossuary)
  2 orc skeletons (Ossuary)
  3 orc zombies (Ossuary)
  7 rats
  A rat skeleton (Ossuary)
89 creatures vanquished.

Vanquished Creatures (collateral kills)
  Grinder (D:5)
  An ogre (D:4)
  Duvessa (D:5)
  Dowan (D:5)
  A centaur skeleton (D:4)
  A giant frog skeleton (D:5)
  4 orc wizards
  3 iguanas
  A gnoll (D:3)
  An adder (D:3)
  11 orcs
  A giant cockroach (D:1)
  A gnoll skeleton (Ossuary)
  5 hobgoblins
  3 quokkas
  4 bats
  2 giant geckos
  3 gnoll zombies (Ossuary)
  2 goblins
  A goblin skeleton (Ossuary)
  A goblin zombie (Ossuary)
  3 jackals (D:2)
  3 kobolds
  2 rats
57 creatures vanquished.

Vanquished Creatures (others)
  An ice beast (D:6)
  2 crimson imps
  9 hounds
  2 mummies (Ossuary)
  2 shadow imps
  2 white imps
  A quokka (D:1)
  2 gnoll skeletons (Ossuary)
  A gnoll zombie (Ossuary)
  3 goblin skeletons (Ossuary)
  A goblin zombie (Ossuary)
  A hobgoblin skeleton (Ossuary)
  3 hobgoblin zombies (Ossuary)
  3 kobold skeletons (Ossuary)
  3 kobold zombies (Ossuary)
  An orc skeleton (Ossuary)
  2 orc zombies (Ossuary)
  5 rats (D:1)
  5 rat skeletons (Ossuary)
  3 rat zombies (Ossuary)
52 creatures vanquished.

Grand Total: 198 creatures vanquished

Notes
Turn   | Place    | Note
--------------------------------------------------------------
     0 | D:1      | vatarom, the Mummy Summoner, began the quest for the Orb.
     0 | D:1      | Reached XP level 1. HP: 13/13 MP: 3/3
   667 | D:1      | Reached XP level 2. HP: 19/19 MP: 4/4
   700 | D:1      | Learned a level 2 spell: Call Imp
   899 | D:2      | Found a bloodstained altar of Trog.
  1089 | D:2      | Reached skill level 4 in Summonings
  1347 | D:2      | Reached XP level 3. HP: 13/24 MP: 3/6
  1352 | D:2      | Learned a level 3 spell: Call Canine Familiar
  1442 | D:2      | Found a white marble altar of Elyvilon.
  1824 | D:2      | Reached XP level 4. HP: 18/30 MP: 3/7
  1868 | D:2      | Found a basalt altar of Yredelemnul.
  2048 | D:3      | Found a shattered altar of Ashenzari.
  2474 | D:3      | Found a snail-covered altar of Cheibriados.
  2480 | D:3      | Reached skill level 5 in Summonings
  2590 | D:3      | HP: 1/30 [something (2)]
  3099 | D:3      | Reached XP level 5. HP: 31/35 MP: 9/9
  3264 | D:3      | Learned a level 4 spell: Summon Ice Beast
  3602 | D:4      | Found a white marble altar of Elyvilon.
  3763 | D:4      | Noticed an ogre
  3770 | D:4      | Killed an ogre
  4028 | D:4      | Reached XP level 6. HP: 37/41 MP: 15/15
  4036 | D:4      | Found a sand-covered staircase.
  4047 | Ossuary  | Entered an ossuary
  4070 | Ossuary  | Reached skill level 1 in Ice Magic
  4468 | Ossuary  | Noticed Menkaure
  4483 | Ossuary  | Killed Menkaure
  5236 | D:5      | Entered Level 5 of the Dungeon
  5378 | D:5      | Found a staircase to the Ecumenical Temple.
  5378 | D:5      | Noticed Grinder
  5479 | D:5      | Killed Grinder
  5479 | D:5      | Reached XP level 7. HP: 34/46 MP: 3/17
  5588 | Temple   | Entered the Ecumenical Temple
  5687 | D:5      | Noticed Duvessa
  5687 | D:5      | Noticed Dowan
  5697 | D:5      | Killed Duvessa
  5704 | D:5      | Killed Dowan
  5981 | D:5      | Found Thrabb's General Store.
  5992 | D:5      | Reached skill level 1 in Fighting
  6004 | D:5      | Bought a +2 glaive of chopping for 260 gold pieces
  6103 | D:6      | Found a shimmering altar of Xom.
  6103 | D:6      | Noticed an angel
  6104 | D:6      | Found a glowing silver altar of Zin.
  6186 | D:6      | Noticed Eustachio
  6218 | D:6      | Slain by an orc warrior

Action                   |  1- 3 |  4- 6 |  7- 9 || total
-------------------------+-------+-------+-------++-------
Melee: Unarmed           |    23 |       |       ||    23
       Short sword       |    65 |     5 |       ||    70
       Mace              |       |   158 |     7 ||   165
       Glaive            |       |       |    22 ||    22
 Cast: Summon Small Mamm |    15 |     1 |       ||    16
       Call Imp          |     8 |    28 |     1 ||    37
       Call Canine Famil |     1 |    27 |     4 ||    32
       Summon Ice Beast  |       |     1 |     2 ||     3
  Use: Scroll            |     2 |    10 |     1 ||    13
 Stab: Sleeping          |     1 |       |     1 ||     2
